 Dungeon Crawl Stone Soup version 0.31-a0-626-g8143ab4f1d (webtiles) character file.

Game seed: 7606047389766276418

67 rddays123 the Trooper (level 4, -1/40 HPs)
             Began as a Hill Orc Fighter on Aug 24, 2023.
             Was a Plaything of Xom.
             Slain by an adder (2 damage)
             ... on level 2 of the Dungeon.
             The game lasted 00:04:41 (1334 turns).

rddays123 the Trooper (Hill Orc Fighter)            Turns: 1334, Time: 00:04:42

Health: -1/40      AC: 10    Str: 20    XL:     4   Next: 18%
Magic:  4/4        EV:  7    Int:  8    God:    Xom [..*...]
Gold:   90         SH:  9    Dex: 10    Spells: 3/3 levels left

rFire   . . .        a - +0 war axe
rCold   . . .        c - +0 buckler
rNeg    . . .        o - +0 chain mail
rPois   .            (no helmet)
rElec   .            h - +0 cloak
rCorr   .            (no gloves)
SInv    .            (no boots)
Will    .....        p - amulet of reflection Stlth
                     (no ring)
HPRegen 0.26/turn    (no ring)
MPRegen 0.09/turn

%: reflection
@: no status effects
A: no striking features
a: Renounce Religion


You were on level 2 of the Dungeon.
You worshipped Xom.
You were a toy of Xom.
You visited 1 branch of the dungeon, and saw 2 of its levels.

You collected 90 gold pieces.

Inventory:

Hand Weapons
 a - a +0 war axe (weapon)
Armour
 b - a +0 scale mail
 c - a +0 buckler (worn)
 h - a +0 cloak (worn)
 o - a +0 chain mail (worn)
Jewellery
 p - an amulet of reflection (around neck)
Scrolls
 g - a scroll of blinking {unknown}
 i - 3 scrolls of identify {unknown}
 j - a scroll of teleportation {unknown}
 l - a scroll of enchant weapon {unknown}
 m - a scroll of amnesia {unknown}
Potions
 d - a potion of might
 e - a potion of lignification {unknown}
 f - a potion of attraction {unknown}
 k - a potion of degeneration {unknown}
 n - a potion of ambrosia {unknown}
 q - 2 potions of heal wounds {unknown}


   Skills:
 + Level 4.2 Fighting
 + Level 3.6 Axes
 + Level 3.9 Armour
 + Level 4.0 Shields


You had 3 spell levels left.
You didn't know any spells.
Your spell library contained the following spells:

 Spells                   Type           Power      Damage    Failure   Level
 Ignite Poison            Fire/Tmut/Pois 0%         N/A       100%        3
 Volatile Blastmotes      Fire/Tloc      0%         2d10      100%        3
 Fulminant Prism          Conj/Hex       0%         3d5       100%        4
 Iskenderun's Mystic Bla  Conj/Tloc      0%         2d3       100%        4
 Sticky Flame             Conj/Fire      0%         2d3       100%        4
 Ignition                 Fire           0%         3d3       100%        8


Dungeon Overview and Level Annotations

Branches:
Dungeon (2/15)

Altars:
Xom

Annotations:
D:2 1 runed translucent door, Crazy Yiuf, Sigmund


Message History

An adder comes into view.
There are monsters nearby!
There are monsters nearby!
You block the adder's attack.
Sigmund says, "Don't worry, I'll kill you fast."
Sigmund casts a spell.
Sigmund flickers and vanishes!
Deactivating autopickup; reactivate with Ctrl-A.
The adder barely misses you.
You slash something! You hit the adder but do no damage.
The adder bites you but does no damage. Something hits you!
You closely miss something. You closely miss the adder.
The adder barely misses you. The adder bites you but does no damage.
Something hits you!
You miss something. You hit the adder. You block the adder's attack.
The adder bites you.
You are poisoned.
The adder poisons you! Something hits you!
You miss something. You hit the adder.
You feel very sick.
You block the adder's attack. x2; Something hits you.
* * * LOW HITPOINT WARNING * * *
You closely miss something. You hit the adder.
You feel sick. The adder barely misses you.
You miss something. You closely miss the adder.
You feel sick. The adder bites you but does no damage. Something hits you.
* * * LOW HITPOINT WARNING * * *
The adder bites you.
* * * LOW HITPOINT WARNING * * *
You closely miss something. You barely miss the adder.
You feel sick. You block the adder's attack.
Something hits you but does no damage. The adder bites you but does no damage.
You closely miss something. You hit the adder.
You feel sick.
You are no longer poisoned.
You block the adder's attack. Something hits you.
* * * LOW HITPOINT WARNING * * *
You closely miss something. You barely miss the adder.
You block the adder's attack. The adder bites you.
You die... "Boring in life, boring in death..."

#.# ##.## #.#
#...# #.# #.#.#
#.# #...# #.#
####.### ##.#
#<.....# #..
#.##.#.#
#..#####.##.#.#
#.{@.....##.# #
#.S########.#
#.. #.# #.. #.#
... .. ##.. ###


You could see an adder.

Vanquished Creatures
  2 gnolls (D:1)
  A dart slug (D:2)
  A ball python (D:1)
  6 endoplasms
  4 giant cockroaches (D:1)
  2 goblins (D:1)
  7 hobgoblins
  4 jackals (D:1)
  2 quokkas (D:1)
  2 bats
  6 kobolds
  3 rats (D:1)
40 creatures vanquished.

Notes
Turn   | Place    | Note
-------+----------+-------------------------------------------
     0 | D:1      | rddays123 the Hill Orc Fighter began the quest for the Orb.
     0 | D:1      | Reached XP level 1. HP: 19/19 MP: 1/1
    70 | D:1      | Reached XP level 2. HP: 26/27 MP: 2/2
   108 | D:1      | Found a faded altar of an unknown god.
   135 | D:1      | Prayed at the altar of an unknown god.
   135 | D:1      | Became a worshipper of Xom of Chaos
   266 | D:1      | XOM: divination: detect creatures
   353 | D:1      | Reached XP level 3. HP: 27/33 MP: 3/3
   678 | D:1      | XOM: cloud trail
   743 | D:1      | Reached XP level 4. HP: 22/40 MP: 4/4
   784 | D:1      | XOM: god gift: 16 gold pieces
  1220 | D:2      | Found a runed translucent door.
  1221 | D:2      | Noticed Crazy Yiuf
  1322 | D:2      | Noticed Sigmund
  1333 | D:2      | HP: 1/40 [something (5)]
  1334 | D:2      | Slain by an adder

Illustrated notes

Levels and vault maps discovered:
D:1:      wander_arrival_desolate, layout_loops_corners,
          ebering_ecumenical_altar_box, grunt_decor_one_mirror
D:2:      layout_loops_ring, uniq_crazy_yiuf_cottage, uniq_sigmund

Skill      XL: |  1  2  3  4 |
---------------+-------------+-----
Axes           | 3 |  3.6
Fighting       | 4 |  4.2
Shields        | 4 |  4.0
Armour         | |  3.9

Action                     |  1- 3 |  4- 6 || total
---------------------------+-------+-------++-------
  Melee: War axe           |    81 |    23 ||   104
   Stab: Paralysed         |     2 |       ||     2
 Armour: Scale mail        |    38 |     6 ||    44
         Chain mail        |       |     6 ||     6
  Dodge: Dodged            |    31 |     9 ||    40
  Block: Buckler           |    13 |    11 ||    24

Table legend: (Time is in decaauts)
 A = Elapsed time spent in this place.
 B = Non-inter-level travel time spent in this place.
 C = Inter-level travel time spent in this place.
 D = Time resting spent in this place.
 E = Time spent auto-exploring this place.
 F = Levels seen in this place.
 G = Mean time per level.
                   A        B        C        D        E       F      G
               +--------+--------+--------+--------+--------+-----+--------+
         Total |   1371 |   1331 |     40 |      6 |   1000 |   2 |  685.5 |
       Dungeon |   1371 |   1331 |     40 |      6 |   1000 |   2 |  685.5 |
               +--------+--------+--------+--------+--------+-----+--------+

Top non-repeatable levels by time:
     D:1: 1050 daAuts
     D:2: 320 daAuts
